 Dungeon Crawl Stone Soup version 0.28.0-47-ge53b351184 (webtiles) character file.

Game seed: 604858278818105815

1107 pkoi the Stinger (level 7, -1/52 HPs)
             Began as a Demigod Venom Mage on May 8, 2022.
             Slain by a centaur zombie (4 damage)
             ... in an ossuary.
             The game lasted 00:13:05 (10155 turns).

pkoi the Stinger (Demigod Venom Mage)              Turns: 10155, Time: 00:13:06

Health: -1/52      AC:  7    Str:  9    XL:     7   Next: 86%
Magic:  14/14      EV: 12    Int: 25    God:
Gold:   332        SH:  0    Dex: 14    Spells: 2/12 levels left

rFire   . . .      SeeInvis .   c - +3 dagger
rCold   . . .      Faith    .   (no shield)
rNeg    . . .      Spirit   .   a - +1 robe
rPois   .          Reflect  .   (no helmet)
rElec   .          Harm     .   (no cloak)
rCorr   .          Rampage  .   (no gloves)
Will    .....                   (no boots)
Stlth   ++........              (no amulet)
HPRegen 0.17/turn               b - +4 ring of protection
MPRegen 0.14/turn               (no ring)

@: marked
A: high MP 1, forlorn, divine attributes
a: no special abilities


You were in an ossuary.
You visited 2 branches of the dungeon, and saw 6 of its levels.
You also visited: Ossuary.

You collected 332 gold pieces.

Inventory:

Hand Weapons
 c - a +3 dagger (weapon)
 d - a +0 dagger
 h - a +1 short sword
Missiles
 m - a curare-tipped dart
 p - 7 poisoned darts
Armour
 a - a +1 robe (worn)
Magical Staves
 i - a staff of poison
Jewellery
 b - a +4 ring of protection (left hand)
Scrolls
 e - 2 scrolls of amnesia
 k - 3 scrolls of identify
 q - 2 scrolls of silence
Potions
 f - a potion of mutation
 g - 2 potions of berserk rage
 l - a potion of lignification
 n - 2 potions of brilliance


   Skills:
 - Level 1.0 Fighting
 - Level 1.0 Armour
 - Level 2.0 Dodging
 - Level 1.7 Stealth
 - Level 3.0 Spellcasting
 - Level 3.0 Transmutations
 - Level 3.0 Fire Magic
 + Level 3.7 Air Magic
 - Level 6.0 Poison Magic


You had 2 spell levels left.
You knew the following spells:

 Your Spells              Type           Power      Damage    Failure   Level
a - Sting                 Tmut/Pois      100%       1d8       1%          1
b - Poisonous Vapours     Pois/Air       56%        N/A       1%          2
c - Olgreb's Toxic Radia  Pois           33%        N/A       9%          4
d - Ignite Poison         Fire/Tmut/Pois 23%        N/A       6%          3

Your spell library contained the following spells:

 Spells                   Type           Power      Damage    Failure   Level
 Mephitic Cloud           Conj/Pois/Air  20%        N/A       8%          3
 Freezing Cloud           Conj/Ice/Air   5%         6-21      86%         5


Dungeon Overview and Level Annotations

Branches:
Dungeon (5/15)             Temple (1/1) D:4         Ossuary (1/1)


Innate Abilities, Weirdness & Mutations

You have an increased reservoir of magic. (+10% MP)
You shall have no god before yourself.
Your divine heritage dramatically boosts your attributes as you level up.


Message History

The centaur zombie barely misses you. The centaur zombie misses you.
The centaur zombie kicks you but does no damage.
The centaur zombie barely misses you. x2
The hobgoblin zombie barely misses you.
The centaur zombie hits you but does no damage.
The centaur zombie barely misses you.
The hobgoblin zombie hits you but does no damage.
The mummy hits you!
* * * LOW HITPOINT WARNING * * *
The mummy enters a dispersal trap!
The centaur zombie blinks!
The hobgoblin zombie blinks! x4; The mummy blinks! x2
The hobgoblin zombie blinks!
The centaur zombie blinks!
The centaur zombie fails to trigger a net trap.
The centaur zombie blinks!
The mummy blinks!
The centaur zombie blinks!
The centaur zombie barely misses you.
The centaur zombie kicks you but does no damage.
Unknown command.
Unknown command.
Your surroundings suddenly seem different.
Okay, then.
Unknown command.
The centaur zombie barely misses you.
The centaur zombie kicks you but does no damage.
You hit the centaur zombie.
The centaur zombie is lightly damaged.
The centaur zombie hits you but does no damage.
The centaur zombie closely misses you.
You hit the centaur zombie. You punch the centaur zombie.
The centaur zombie is lightly damaged.
The centaur zombie hits you.
* * * LOW HITPOINT WARNING * * *
The centaur zombie misses you.
You hit the centaur zombie.
The centaur zombie is lightly damaged.
The centaur zombie hits you but does no damage.
The centaur zombie closely misses you.
You hit the centaur zombie.
The centaur zombie is moderately damaged.
The centaur zombie hits you.
You die...

#######
###########.#.#.#
##......Z...§.^...
#@ZZZ.ZZ........Z.
#.....∩.∩...§....§
#....Z......^...§Z
##...........Z..^.
###########Z#.#.#
#######


You could see 2 hobgoblin zombies and 5 centaur zombies.

Vanquished Creatures
  A sky beast (D:4)
  2 black bears
  An ogre (D:4)
  A centaur (D:4)
  3 kobold brigands (D:3)
  A jelly (D:4)
  A hound (D:5)
  An orc priest (D:3)
  A centaur skeleton (D:4)
  Terence (D:3)
  An orc wizard (D:4)
  A hound skeleton (D:4)
  10 gnolls
  3 adders
  5 worms
  2 dart slugs
  5 orcs
  10 endoplasms
  3 goblins
  4 hobgoblins
  4 jackals
  54 kobolds
  3 quokkas
  4 ball pythons
  8 bats
  8 frilled lizards
  4 rats
142 creatures vanquished.

Vanquished Creatures (others)
  7 fungi (D:2)
  9 toadstools (D:2)
16 creatures vanquished.

Grand Total: 158 creatures vanquished

Notes
Turn   | Place    | Note
-------+----------+-------------------------------------------
     0 | D:1      | pkoi the Demigod Venom Mage began the quest for the Orb.
     0 | D:1      | Reached XP level 1. HP: 14/14 MP: 5/5
    30 | D:1      | Reached skill level 1 in Transmutations
   749 | D:1      | Reached XP level 2. HP: 20/20 MP: 2/7
  1225 | D:1      | Reached skill level 3 in Poison Magic
  2161 | D:2      | Reached XP level 3. HP: 26/26 MP: 2/9
  2323 | D:2      | Learned a level 2 spell: Poisonous Vapours
  2327 | D:2      | Learned a level 3 spell: Ignite Poison
  3754 | D:2      | Reached XP level 4. HP: 34/34 MP: 0/10
  4569 | D:3      | Reached skill level 1 in Fighting
  4720 | D:3      | Noticed a black bear
  4732 | D:3      | Killed a black bear
  4733 | D:3      | Reached skill level 1 in Armour
  4733 | D:3      | Reached skill level 1 in Fire Magic
  4733 | D:3      | Reached skill level 1 in Air Magic
  4733 | D:3      | Reached XP level 5. HP: 28/40 MP: 8/12
  5781 | D:3      | Reached XP level 6. HP: 32/47 MP: 3/13
  6140 | D:2      | Learned a level 4 spell: Olgreb's Toxic Radiance
  6490 | D:3      | Reached skill level 4 in Poison Magic
  6766 | D:3      | Reached skill level 5 in Poison Magic
  7151 | D:3      | Noticed Terence
  7172 | D:3      | Killed Terence
  8025 | D:4      | Reached XP level 7. HP: 47/52 MP: 10/14
  8407 | D:4      | Found a staircase to the Ecumenical Temple.
  8582 | Temple   | Entered the Ecumenical Temple
  9715 | D:5      | Entered Level 5 of the Dungeon
  9722 | D:5      | Reached skill level 6 in Poison Magic
 10066 | D:5      | Found a sand-covered staircase.
 10122 | Ossuary  | Entered an ossuary
 10155 | Ossuary  | Slain by a centaur zombie

Illustrated notes

Levels and vault maps discovered:
D:1:      minmay_arrival_cross, layout_loops_ring,
          ebering_ecumenical_altar_sacrificial, minivault_27, item_on_display_a
D:2:      cheibrodos_fertilizer, layout_loops_ring
D:3:      minmay_goblin_kobold_castle, layout_loops_cross, minmay_cupped,
          uniq_terence
D:4:      layout_gridville, minmay_temple_entry_hall
D:5:      layout_gridville, overflow_temple_1_default, slow_altar_1,
          nicolae_ossuary_entry_plus, minmay_statues_item, uniq_pikel
Temple:   jpeg_temple_island
Ossuary:  ossuary_the_hunt_dpeg

Skill      XL: |  1  2  3  4  5  6  7 |
---------------+----------------------+-----
Transmutations | 1 2 3 |  3.0
Spellcasting   | 2 3 |  3.0
Poison Magic   | 3 5 6 |  6.0
Dodging        | 2 |  2.0
Fighting       | 1 |  1.0
Armour         | 1 |  1.0
Fire Magic     | 1 3 |  3.0
Air Magic      | 1 3 |  3.7
Stealth        | |  1.7

Action                   |  1- 3 |  4- 6 |  7- 9 || total
-------------------------+-------+-------+-------++-------
Melee: Dagger            |     4 |       |     8 ||    12
       Staff             |     2 |    19 |     9 ||    30
       Short sword       |       |       |     8 ||     8
       Punch             |       |       |     1 ||     1
 Cast: Sting             |   104 |   119 |    24 ||   247
       Poisonous Vapours |     4 |    36 |     7 ||    47
       Ignite Poison     |       |       |     6 ||     6
       Olgreb's Toxic Ra |       |       |     2 ||     2
  Use: Scroll            |     5 |     5 |     4 ||    14
       Potion            |       |     1 |       ||     1
Armor: Robe              |    25 |    37 |    46 ||   108
Dodge: Dodged            |    25 |    63 |    55 ||   143
